 Dungeon Crawl Stone Soup version 0.27.0-1-g7a089689b8 (webtiles) character file.

Game seed: 1486451662822044842

119153 dtburroughs the Warrior (level 16, -10/149 HPs)
             Began as a Minotaur Berserker on Aug 10, 2021.
             Was a High Priest of Trog.
             Killed from afar by a tengu reaver (71 damage)
             ... with a bolt of cold
             ... on level 15 of the Dungeon on Aug 11, 2021.
             The game lasted 01:07:26 (25708 turns).

dtburroughs the Warrior (Minotaur Berserker)       Turns: 25708, Time: 01:07:26

Health: -10/149    AC: 33    Str: 24    XL:     16   Next: 27%
Magic:  15/15      EV: 13    Int:  7    God:    Trog [*****.]
Gold:   2010       SH: 13    Dex: 12    Spells: 15/15 levels left

rFire    + . .     SeeInvis +   Q - +0 broad axe (venom)
rCold    . . .     Faith    .   O - +0 kite shield
rNeg     . . .     Spirit   .   l - +0 crystal plate armour
rPois    .         Reflect  .   P - +2 hat {SInv}
rElec    .         Harm     .   I - +0 cloak
rCorr    .         Rampage  .   B - +2 pair of gloves
Will     +....                  C - +1 pair of boots
Stlth    ..........             E - amulet of regeneration
HPRegen  1.34/turn              h - +4 ring of evasion
MPRegen  0.14/turn              q - ring of protection from fire

@: no status effects
A: horns 2, retaliatory headbutt
a: Renounce Religion, Berserk, Trog's Hand, Brothers in Arms


You were on level 15 of the Dungeon.
You worshipped Trog.
Trog was extremely pleased with you.
You visited 2 branches of the dungeon, and saw 21 of its levels.
You also visited: Sewer.

You collected 2010 gold pieces.

Inventory:

Hand Weapons
 p - a +0 morningstar
 F - a +0 battleaxe of electrocution
 Q - a +0 broad axe of venom (weapon)
 X - a +2 antimagic hand axe
Missiles
 t - 4 throwing nets (quivered)
Armour
 l - a +0 crystal plate armour (worn)
 B - a +2 pair of gloves (worn)
 C - a +1 pair of boots (worn)
 I - a +0 cloak (worn)
 J - a +0 plate armour
 O - a +0 kite shield (worn)
 P - a +2 hat of see invisible (worn)
Jewellery
 h - a +4 ring of evasion (left hand)
 q - a ring of protection from fire (right hand)
 r - a +4 ring of protection
 E - an amulet of regeneration (around neck)
Wands
 k - a wand of paralysis (10)
 m - a wand of mindburst (14)
 v - a wand of iceblast (32)
 y - a wand of flame (53)
 D - a wand of acid (27)
Scrolls
 b - 2 scrolls of amnesia {unknown}
 d - a scroll of acquirement {unknown}
 e - 5 scrolls of teleportation
 f - 4 scrolls of fog
 i - 4 scrolls of identify
 j - 6 scrolls of fear
 o - a scroll of holy word {unknown}
 s - 4 scrolls of immolation
 u - a scroll of silence {unknown}
 x - 3 scrolls of brand weapon
 N - 3 scrolls of magic mapping {unknown}
 S - 2 scrolls of torment {unknown}
 W - 3 scrolls of blinking {unknown}
 Y - a scroll of noise {unknown}
Potions
 a - a potion of might {unknown}
 c - 4 potions of lignification
 g - 3 potions of heal wounds
 n - a potion of resistance
 w - 2 potions of ambrosia {unknown}
 z - 2 potions of haste
 A - 2 potions of brilliance {unknown}
 G - 2 potions of cancellation {unknown}
 L - 6 potions of curing
 R - 7 potions of flight
 V - a potion of experience {unknown}


   Skills:
 + Level 15.0 Fighting
 + Level 14.9 Axes
 + Level 14.7 Armour
 + Level 13.6 Dodging
 + Level 12.3 Shields
 + Level 11.3 Evocations


You had 15 spell levels left.
You didn't know any spells.
Your spell library was empty.

Dungeon Overview and Level Annotations

Branches:
Dungeon (15/15)            Temple (0/1) D:6            Lair (6/6) D:11
 Shoals (0/4) Lair:3       Spider (0/4) Lair:2        Slime (0/5) Lair:6
    Orc (0/2) D:10         Vaults (0/5) D:13         Depths (0/5) D:15
  Sewer (visited)

Altars:
Fedhas
Gozag
Kikubaaqudgha
Okawaru
Vehumet
Wu Jian
Xom

Shops:
D:5 *   D:8 *

Annotations:
D:7 2 transporters, candlesan's ghost, novice DEBr
Lair:6 3 runed translucent doors, exclusion: oklob plant, Jipob's ghost, adept MiBe


Innate Abilities, Weirdness & Mutations

You have a pair of horns on your head.
You reflexively headbutt those who attack you in melee.


Message History

The fire elemental misses you. You furiously retaliate!
You headbutt the fire elemental!
You destroy the fire elemental!
The tengu reaver casts a spell at you. The bolt of lightning misses you.
The deep elf pyromancer hits you but does no damage.
You barely miss the deep elf pyromancer.
You barely miss the fire elemental. The tengu reaver blocks your attack.
You block the fire elemental's attack.
The tengu reaver points at you and mumbles some strange words.
The bolt of fire hits you! You resist.
You slash the deep elf pyromancer!
The deep elf pyromancer looks as sick as possible!
The deep elf pyromancer is moderately wounded.
You hit the tengu reaver but do no damage.
The tengu reaver is poisoned.
You slice the fire elemental!! The fire elemental hits you.
The fire elemental burns you! You resist.
The deep elf pyromancer hits you with a +0 rapier.
The tengu reaver completely misses you. The tengu reaver pecks you.
The tengu reaver claws you but does no damage.
A freezing wraith comes into view.
The fire elemental misses you.
Your crystal plate armour prevents you from hitting the deep elf pyromancer.
The deep elf pyromancer is moderately wounded.
The tengu reaver blocks your attack.
You slash the fire elemental!
You destroy the fire elemental!
The deep elf pyromancer gestures wildly while chanting.
The tengu reaver gestures at you while chanting.
The bolt of cold hits you!!!
You slice the deep elf pyromancer!!
The deep elf pyromancer looks as sick as possible!
You headbutt the deep elf pyromancer.
You kill the deep elf pyromancer!
Trog accepts your kill.
Trog appreciates your killing of a magic user.
The fire elemental disappears in a puff of smoke! x2
The tengu reaver blocks your attack. The tengu reaver casts a spell at you.
The bolt of cold hits you!!!
You die...

##.#.#.##.....)#...#.#'#..##.)#≈.
###+#'##......##[.....#......##≈P
##.#.#.########'########.#.#.##≈≈
##......#.....)## :##'#'#####
##...#.#'#)..#.### .)#.#.#.####
#..#.#.÷#†).#..#.. W. #......#..
##.#...#'#.#...#.##.# #.#...#'#.
##......#......#)Q§# #......#..
####.#####.#.#.#@#°#.# #...#.#'#.
# ### ##'#'##.§...###......#.. #
#.#.#..#######'########. #
#......#......##......## #
#....⌠.#'#...#.#(.....##) # Q.
#.'#.P8P..#...#..#...##.'#. #
[##..#..⌠...#'#.#...#..#.#.#.. #
≈B....'#......#......#..##(#'#.
##≈D ...###.#.####.#.#.#....###..


You could see a tengu reaver (very poisoned) and a freezing wraith.

Vanquished Creatures
  Gastronok (D:10)
  Kirke (D:14)
  A storm dragon (D:15)
  A fire giant (D:15)
  A fire dragon (D:15)
  An ettin (shapeshifter) (D:15)
  14 hydras
  6 boulder beetles
  An ice dragon (D:11)
  2 ogre magi
  15 centaur warriors
  7 two-headed ogres
  A death knight (D:15)
  4 death yaks
  3 tengu warriors (D:15)
  Urug (Lair:2)
  Sonja (D:13)
  14 skeletal warriors
  A deep troll (D:15)
  A lindwurm (shapeshifter) (D:15)
  2 wizards (D:15)
  A lindwurm (Lair:6)
  A deep elf zephyrmancer (D:15)
  7 deep elf pyromancers
  A wolf spider (D:15)
  A cyclops (shapeshifter) (D:13)
  11 ugly things
  7 cyclopes
  2 black mambas
  3 manticores
  10 elephants
  Joseph (Lair:1)
  Maurice (D:8)
  2 gargoyles
  14 cane toads
  3 rime drakes
  A rime drake (shapeshifter) (D:15)
  2 unseen horrors
  A kobold demonologist (D:13)
  3 efreet
  7 komodo dragons
  A freezing wraith (D:15)
  A tengu conjurer (D:15)
  6 yaktaurs (D:15)
  A yaktaur (shapeshifter) (D:15)
  4 trolls
  A queen bee (shapeshifter) (D:15)
  8 polar bears
  6 hornets (Lair:6)
  A wolf spider simulacrum (D:15)
  10 blink frogs
  Prince Ribbit (D:6)
  11 slime creatures
  Grinder (D:3)
  A meliai zombie (D:10)
  7 dream sheep
  4 redbacks
  14 spriggans (Lair:6)
  A shadow (D:10)
  5 wyverns
  29 yaks
  A yak (shapeshifter) (D:15)
  A vampire (D:12)
  4 wraiths
  11 basilisks
  A steam dragon (D:8)
  A human (D:10)
  6 hogs
  Menkaure (D:6)
  A vampire mosquito (D:13)
  2 wargs (D:10)
  Duvessa (D:5)
  An acid dragon (D:11)
  Edmund (D:6)
  15 water moccasins
  3 floating eyes (D:13)
  A meliai simulacrum (D:14)
  2 sky beasts (D:6)
  12 orc warriors
  3 necrophages
  A tengu (shapeshifter) (D:13)
  8 black bears
  27 centaurs
  7 boggarts
  2 phantoms
  18 wolves (Lair:6)
  4 kobold brigands
  A wyvern zombie (D:7)
  23 bullfrogs
  4 scorpions
  4 gnoll sergeants
  Dowan (D:5)
  2 water moccasin zombies
  A wyvern skeleton (D:7)
  3 killer bees (D:9)
  7 wights
  5 howler monkeys
  2 electric eels
  7 centaur zombies
  A bullfrog skeleton (D:6)
  A bullfrog zombie (D:7)
  2 gnoll shamans
  6 orc priests
  2 hounds
  2 jellies
  Crazy Yiuf (D:6)
  Jessica (D:3)
  Ijyb (D:3)
  15 orc wizards
  3 hell rats (Lair:4)
  2 killer bee zombies (D:6)
  2 howler monkey zombies
  25 gnolls
  9 adders
  2 howler monkey skeletons
  2 river rats (D:5)
  2 shadow imps (D:7)
  3 white imps
  7 worms
  5 dart slugs
  60 orcs
  3 bats
  2 bat zombies (D:6)
  9 endoplasms
  4 giant cockroaches
  2 goblins
  7 hobgoblins
  17 jackals
  3 quokkas
  6 ball pythons
  7 frilled lizards
  19 kobolds
  13 rats
712 creatures vanquished.

Vanquished Creatures (collateral kills)
  3 hydras (Lair:4)
  A spriggan (Lair:6)
  2 wyverns (Lair:4)
  A yak (Lair:6)
  A basilisk (Lair:4)
  A black bear (Lair:6)
  A wolf (Lair:6)
  A boggart (D:15)
  2 hell rats (Lair:4)
13 creatures vanquished.

Vanquished Creatures (others)
  A boggart (D:15)
  A howler monkey (D:8)
  An orc wizard (D:6)
  A bush (D:6)
  49 fungi
  105 plants
158 creatures vanquished.

Grand Total: 883 creatures vanquished

Notes
Turn   | Place    | Note
-------+----------+-------------------------------------------
     0 | D:1      | dtburroughs the Minotaur Berserker began the quest for the
                  | Orb.
     0 | D:1      | Reached XP level 1. HP: 19/19 MP: 0/0
   164 | D:1      | Reached XP level 2. HP: 21/27 MP: 1/1
   245 | D:1      | Found a faded altar of an unknown god.
   516 | D:1      | Reached skill level 4 in Fighting
  1089 | D:2      | Reached XP level 3. HP: 22/33 MP: 2/2
  1457 | D:2      | Reached ** piety under Trog
  1671 | D:2      | Reached XP level 4. HP: 32/41 MP: 3/3
  2265 | D:3      | Noticed Ijyb
  2270 | D:3      | Paralysed by Ijyb for 6 turns
  2283 | D:3      | Killed Ijyb
  2370 | D:3      | Reached XP level 5. HP: 47/47 MP: 4/4
  2384 | D:3      | Noticed Grinder
  2384 | D:3      | Paralysed by Grinder for 4 turns
  2404 | D:3      | Killed Grinder
  2405 | D:3      | Reached skill level 5 in Fighting
  2405 | D:3      | Reached skill level 5 in Axes
  2405 | D:3      | Reached XP level 6. HP: 56/56 MP: 5/5
  2827 | D:3      | Noticed Jessica
  2857 | D:3      | Killed Jessica
  3567 | D:4      | Identified the +0 ring mail of the Cuttlefish {rC+ rCorr
                  | Str+2}
  3693 | D:4      | Reached XP level 7. HP: 37/62 MP: 6/6
  4021 | D:4      | Found an opulent altar of Gozag.
  4057 | D:4      | Reached skill level 5 in Armour
  4057 | D:4      | Reached skill level 1 in Evocations
  4059 | D:4      | Identified the +1 ring mail "Raekemp" {rCorr}
  4131 | D:4      | Reached skill level 6 in Fighting
  4490 | D:5      | Entered Level 5 of the Dungeon
  4551 | D:5      | Found a glowing drain.
  4558 | Sewer    | Entered a sewer
  4855 | Sewer    | Reached *** piety under Trog
  4975 | D:5      | Noticed Duvessa
  4996 | D:5      | Noticed Dowan
  5003 | D:5      | Killed Duvessa
  5004 | D:5      | Reached skill level 5 in Dodging
  5006 | D:5      | Killed Dowan
  5109 | D:5      | Found Guifraz's General Store.
  5216 | D:5      | Reached XP level 8. HP: 71/71 MP: 7/7
  5984 | D:6      | Found an ornate altar of the Wu Jian Council.
  6210 | D:6      | Reached skill level 7 in Fighting
  6440 | D:6      | Found a runed translucent door.
  6441 | D:6      | Noticed Crazy Yiuf
  6503 | D:6      | Found a staircase to the Ecumenical Temple.
  6555 | D:6      | Noticed Prince Ribbit
  6570 | D:6      | Killed Prince Ribbit
  6904 | D:6      | Noticed Edmund
  6924 | D:6      | Killed Edmund
  6975 | D:6      | Found an ancient bone altar of Kikubaaqudgha.
  7009 | D:6      | Reached **** piety under Trog
  7010 | D:6      | Reached XP level 9. HP: 79/79 MP: 8/8
  7159 | D:6      | Noticed Menkaure
  7173 | D:6      | Killed Menkaure
  7274 | D:6      | Found an iron altar of Okawaru.
  7485 | D:6      | Found a blossoming altar of Fedhas.
  7777 | D:6      | Killed Crazy Yiuf
  7923 | D:6      | Reached skill level 8 in Fighting
  8086 | D:7      | Found a transporter.
  8131 | D:7      | Noticed candlesan's ghost (novice DEBr)
  8490 | D:7      | Noticed a brown ugly thing
  8491 | D:7      | Noticed a cyclops
  8541 | D:6      | Killed a brown ugly thing
  8613 | D:7      | Reached ***** piety under Trog
  8619 | D:7      | Killed a cyclops
  8620 | D:7      | Reached skill level 5 in Evocations
  8620 | D:7      | Reached XP level 10. HP: 85/90 MP: 9/9
  8903 | D:7      | Found a transporter.
  8921 | D:7      | Reached skill level 9 in Fighting
  9301 | D:8      | Found a radiant altar of Vehumet.
  9349 | D:8      | Noticed Maurice
  9362 | D:8      | Killed Maurice
 10184 | D:8      | Found Fofawia's Gadget Gallery.
 10524 | D:9      | Noticed a centaur warrior
 10541 | D:8      | Reached skill level 1 in Shields
 10544 | D:8      | Killed a centaur warrior
 10682 | D:9      | Received a gift from Trog
 11137 | D:10     | Entered Level 10 of the Dungeon
 11137 | D:10     | Noticed Gastronok
 11159 | D:10     | Killed Gastronok
 11160 | D:10     | Reached skill level 10 in Fighting
 11160 | D:10     | Reached skill level 10 in Axes
 11160 | D:10     | Reached XP level 11. HP: 99/99 MP: 10/10
 11176 | D:10     | Noticed a two-headed ogre
 11192 | D:9      | Killed a two-headed ogre
 11287 | D:10     | Found a staircase to the Orcish Mines.
 11567 | D:10     | Reached skill level 10 in Armour
 11887 | D:10     | Noticed a two-headed ogre
 11899 | D:10     | Killed a two-headed ogre
 12043 | D:10     | Reached skill level 5 in Shields
 12314 | D:11     | Noticed a two-headed ogre
 12326 | D:11     | Killed a two-headed ogre
 12348 | D:11     | Received a gift from Trog
 12360 | D:11     | Reached XP level 12. HP: 108/108 MP: 11/11
 12367 | D:11     | Reached skill level 11 in Fighting
 12524 | D:11     | Noticed an ice dragon
 12564 | D:11     | Killed an ice dragon
 12638 | D:11     | Reached skill level 10 in Dodging
 12814 | D:11     | Found a staircase to the Lair.
 13366 | Lair:1   | Entered Level 1 of the Lair of Beasts
 13399 | Lair:1   | Noticed a seven-headed hydra
 13422 | Lair:1   | Killed a seven-headed hydra
 13706 | Lair:1   | Identified the +0 robe "Yguashria" {-Cast Str+7}
 13869 | Lair:1   | Noticed Joseph
 13891 | Lair:1   | Killed Joseph
 14047 | Lair:1   | Noticed a five-headed hydra
 14125 | Lair:1   | Killed a five-headed hydra
 14315 | Lair:1   | Found a shimmering altar of Xom.
 14631 | Lair:2   | Noticed Urug
 14845 | Lair:2   | Killed Urug
 15116 | Lair:2   | Found a hole to the Spider Nest.
 15240 | Lair:2   | Reached skill level 12 in Fighting
 15971 | Lair:3   | Reached XP level 13. HP: 118/118 MP: 12/12
 15997 | Lair:3   | Found a staircase to the Shoals.
 16471 | Lair:3   | Received a gift from Trog
 18338 | Lair:5   | Reached XP level 14. HP: 104/127 MP: 13/13
 18339 | Lair:5   | Reached skill level 13 in Fighting
 18742 | Lair:6   | Entered Level 6 of the Lair of Beasts
 18812 | Lair:6   | Found a staircase to the Slime Pits.
 19177 | Lair:6   | Received a gift from Trog
 19466 | Lair:6   | Reached skill level 10 in Shields
 19664 | Lair:6   | Noticed Jipob's ghost (adept MiBe)
 19766 | Lair:6   | Found a runed translucent gate.
 19766 | Lair:6   | Found a runed translucent gate.
 19766 | Lair:6   | Found a runed translucent gate.
 20484 | D:12     | Reached skill level 10 in Evocations
 21252 | D:13     | Noticed Sonja
 21263 | D:13     | Killed Sonja
 21571 | D:13     | Received a gift from Trog
 21744 | D:13     | Paralysed by a floating eye for 4 turns
 21750 | D:13     | Reached XP level 15. HP: 137/137 MP: 14/14
 21857 | D:13     | Found a gate to the Vaults.
 21989 | D:13     | Reached skill level 14 in Fighting
 22427 | D:14     | Reached ****** piety under Trog
 23048 | D:14     | Noticed Kirke
 23064 | D:14     | Killed Kirke
 23356 | D:15     | Entered Level 15 of the Dungeon
 24012 | D:15     | Noticed a fire giant
 24015 | D:15     | Noticed a fire giant
 24247 | D:15     | Found a radiant altar of Vehumet.
 24249 | D:15     | Found a shimmering altar of Xom.
 24252 | D:15     | Found a shimmering altar of Xom.
 24594 | D:15     | Noticed a fire giant
 24614 | D:15     | Killed a fire giant
 24644 | D:15     | Found a staircase to the Depths.
 25124 | D:15     | Reached XP level 16. HP: 144/147 MP: 15/15
 25346 | D:15     | Received a gift from Trog
 25459 | D:15     | Reached skill level 15 in Fighting
 25464 | D:15     | Noticed a storm dragon
 25477 | D:15     | Killed a storm dragon
 25702 | D:15     | Noticed a tengu reaver
 25708 | D:15     | Killed from afar by a tengu reaver

Illustrated notes

Levels and vault maps discovered:
D:1:      shiori_arrival_maze, layout_rooms, shapermc_ecumenical_altar_venn,
          grunt_decor_fettered, minmay_misc_feat_enclosed
D:2:      layout_loops_ring
D:3:      layout_loops_ring, kennysheep_jessica_study, uniq_ijyb, uniq_jessica,
          uniq_grinder
D:4:      layout_gridville, old_standard_altar
D:5:      layout_cave_pods, lightli_sewer_entry_pipes, serial_shops,
          nicolae_shop_trees, uniq_duvessa
D:6:      layout_loops_ring, lemuel_zombie_altar_kikubaaqudgha,
          okawaru_gym_becter, mainiacjoe_overflow_boulevard,
          fedhas_altar_decomposition, temple_hall, uniq_menkaure,
          uniq_crazy_yiuf_cottage, uniq_prince_ribbit1, uniq_edmund
D:7:      nzn_winding_woodlands_small [nzn_winding_woodlands_5x15_crooked,
          nzn_winding_woodlands_center_garden,
          nzn_winding_woodlands_5x15_sawtooth], layout_rooms,
          gammafunk_ghost_stat_death, serial_co_window_serial,
          co_window_of_opportunity_a, co_window_paths_b, co_window_corner_a,
          co_window_corner_a, co_window_paths_a, co_window_2corner,
          co_window_broadway_a, co_window_paths_c, co_window_unsneaky_path_b,
          glass_columns_a, glass_columns_a, glass_columns_a, glass_columns_b,
          glass_columns_a
D:8:      layout_layer_cave, mainiacjoe_overflow_tiny_flanked,
          nicolae_shop_gadgets, uniq_maurice
D:9:      layout_basic
D:10:     layout_gridville, david_orc_1_choice, serial_undead, serial_undead_e,
          serial_undead_f, serial_undead_a, serial_undead_b, serial_undead_f,
          minmay_misc_feat_more_columns, grunt_livestock, uniq_gastronok
D:11:     dragon1_lemuel, layout_rooms, grunt_lair_entry_orc_guard_hut
D:12:     layout_rooms
D:13:     layout_irregular_city, david_vaults_2, onia_ninara_cookie, uniq_sonja
D:14:     layout_stronghold, minmay_holes, uniq_kirke
D:15:     hangedman_slaughterboxes
Lair:1:   layout_gridlike, basic_altar, uniq_joseph
Lair:2:   layout_loops_ring, spider_nest_entry_webs, serial_bayou_shore_b,
          uniq_urug
Lair:3:   layout_roguey, minmay_shoals_entry_centaurs,
          hangedman_lair_generics_rect, grunt_megastairs_4,
          infiniplex_staircase_pool
Lair:4:   layout_loops_ring, special_room [special_room_mythical_zoo],
          gammafunk_lair_bear_cave
Lair:5:   layout_loops_ring, nicolae_lair_grove_arrangements
Lair:6:   minmay_lair_end_enchanted_forest, layout_loops_ring,
          nicolae_slime_entry_slimehenge, maelrawn_ghost_gauntlet_escape,
          dpeg_stationary_puzzle

Skill      XL: |  1  2  3  4  5  6  7  8  9 10 11 12 13 14 15 16 |
---------------+-------------------------------------------------+-----
Fighting       | 4 5 6 7 8 10 12 13 14 15 | 15.0
Axes           | 4 5 6 7 8 10 11 12 13 14 | 14.9
Armour         | 3 4 5 6 8 9 10 11 12 13 14 | 14.7
Dodging        | 3 4 5 6 7 9 10 11 12 13 | 13.6
Evocations     | 2 3 5 6 7 8 9 10 11 | 11.3
Shields        | 3 5 7 9 10 12 | 12.3

Action                   |  1- 3 |  4- 6 |  7- 9 | 10-12 | 13-15 | 16-18 || total
-------------------------+-------+-------+-------+-------+-------+-------++-------
Melee: Hand axe          |    79 |   134 |   361 |       |       |       ||   574
       Headbutt          |    13 |    21 |    67 |   154 |   339 |    33 ||   627
       War axe           |       |       |    13 |   264 |       |       ||   277
       Broad axe         |       |       |       |   342 |  1344 |   154 ||  1840
       Morningstar       |       |       |       |    22 |    50 |       ||    72
       Battleaxe         |       |       |       |    12 |       |       ||    12
Invok: Trog's Hand       |       |     4 |     3 |     1 |    10 |     1 ||    19
       Berserk           |       |     4 |     6 |     2 |     6 |     1 ||    19
       Brothers in Arms  |       |       |       |       |     4 |       ||     4
Evoke: Wand              |       |       |     4 |    10 |     3 |       ||    17
  Use: Scroll            |       |       |       |    16 |     7 |       ||    23
       Potion            |       |       |       |       |     2 |     1 ||     3
 Stab: Sleeping          |     1 |       |       |       |       |       ||     1
       Paralysed         |       |       |       |    15 |     2 |       ||    17
       Distracted        |       |       |       |       |     1 |     1 ||     2
Armor: Animal skin       |    14 |     1 |       |       |       |       ||    15
       Chain mail        |       |    47 |   116 |       |       |       ||   163
       Plate armour      |       |       |    30 |   494 |   556 |       ||  1080
       Crystal plate arm |       |       |       |       |   445 |   136 ||   581
Dodge: Dodged            |    45 |    60 |   208 |   514 |   835 |   108 ||  1770
Block: Other             |       |    28 |    51 |       |       |       ||    79
       Reflection        |       |     3 |       |       |       |       ||     3
       Buckler           |       |       |       |   149 |       |       ||   149
       Kite shield       |       |       |       |       |  1087 |   141 ||  1228
